 Dungeon Crawl Stone Soup version 0.28-a0-828-g0121872642 (webtiles) character file.

Game seed: 10616589589483041597

37 ytrimaz the Chopper (level 3, -2/28 HPs)
             Began as a Demonspawn Gladiator on Nov 10, 2021.
             Slain by an adder (3 damage)
             ... on level 2 of the Dungeon.
             The game lasted 00:01:50 (1545 turns).

ytrimaz the Chopper (Demonspawn Gladiator)          Turns: 1545, Time: 00:01:51

Health: -2/28      AC:  4    Str: 15    XL:     3   Next: 21%
Magic:  3/3        EV: 14    Int:  9    God:
Gold:   79         SH:  0    Dex: 14    Spells: 2/2 levels left

rFire   . . .      SeeInvis .   a - +0 war axe
rCold   . . .      Faith    .   (no shield)
rNeg    . . .      Spirit   .   b - +0 leather armour
rPois   .          Reflect  .   c - +0 helmet
rElec   .          Harm     .   (no cloak)
rCorr   .          Rampage  .   (no gloves)
Will    .....                   (no boots)
Stlth   +.........              (no amulet)
HPRegen 0.09/turn               (no ring)
MPRegen 0.08/turn               (no ring)

@: no status effects
A: repulsion field 1, powered by death 1
a: no special abilities


You were on level 2 of the Dungeon.
You visited 1 branch of the dungeon, and saw 2 of its levels.

You collected 79 gold pieces.

Inventory:

Hand Weapons
 a - a +0 war axe (weapon)
Missiles
 d - a throwing net (quivered)
Armour
 b - a +0 leather armour (worn)
 c - a +0 helmet (worn)
Scrolls
 e - a scroll of holy word {unknown}
 g - a scroll of blinking {unknown}
 h - 3 scrolls of noise {unknown}


   Skills:
 * Level 2.3 Fighting
 + Level 3.3 Axes
 - Level 1.7 Throwing
 * Level 1.2 Armour
 * Level 2.7 Dodging


You had 2 spell levels left.
You didn't know any spells.
Your spell library was empty.

Dungeon Overview and Level Annotations

Branches:
Dungeon (2/15)

Altars:


Innate Abilities, Weirdness & Mutations

You are surrounded by a mild repulsion field. (EV +2)
You regenerate a little health from kills.


Message History

You feel very sick. The adder completely misses you. The adder bites you.
You are more poisoned.
The adder poisons you!
Unknown command.
You hit the adder.
The adder is lightly wounded.
You feel sick. The adder closely misses you.
You barely miss the adder.
The adder is lightly wounded.
You feel sick. The adder barely misses you. The adder closely misses you.
You barely miss the adder.
The adder is lightly wounded.
You feel sick.
The adder bites you but does no damage. x2
Unknown command.
You hit the adder but do no damage.
The adder is lightly wounded.
You feel sick. The adder bites you.
* * * LOW HITPOINT WARNING * * *
The adder closely misses you.
Unknown command.
It was a potion of magic.
Magic courses through your body.
* * * LOW HITPOINT WARNING * * *
You feel sick. The adder closely misses you.
Throw: 3 throwing nets
Press: ? - help, Q - select action Shift-Dir - straight line, f - adder
Aim: an adder (lightly wounded, 40% to hit)
You throw a throwing net.
The throwing net completely misses the adder.
* * * LOW HITPOINT WARNING * * *
You feel sick.
You are no longer poisoned.
The adder barely misses you.
Throw: 2 throwing nets
Press: ? - help, Q - select action Shift-Dir - straight line, f/p - adder
Aim: an adder (lightly wounded, 40% to hit)
You throw a throwing net.
The throwing net closely misses the adder.
The adder bites you.
You die...

##.# # #.### #.
#...# #.## ###.#
... #.###
.####.####†..#
..........##.....#
......)...# ####.#
(.....S@..#
.......$..#
.........>..#
.).....(..#!#
..........#..[
.$........# ###
..........#
###########


You could see an adder.

Vanquished Creatures
  An adder (D:2)
  4 ball pythons
  3 endoplasms (D:1)
  3 giant cockroaches (D:1)
  2 jackals (D:1)
  5 kobolds
  A quokka (D:1)
  2 bats (D:1)
  3 frilled lizards (D:1)
  2 rats (D:1)
26 creatures vanquished.

Vanquished Creatures (others)
  A plant (D:1)
1 creature vanquished.

Grand Total: 27 creatures vanquished

Notes
Turn   | Place    | Note
-------+----------+-------------------------------------------
     0 | D:1      | ytrimaz the Demonspawn Gladiator began the quest for the
                  | Orb.
     0 | D:1      | Reached XP level 1. HP: 16/16 MP: 1/1
    18 | D:1      | Found a faded altar of an unknown god.
   277 | D:1      | Reached skill level 3 in Axes
   277 | D:1      | Gained mutation: You are surrounded by a mild repulsion
                  | field. (EV +2) [demonic ancestry]
   277 | D:1      | Reached XP level 2. HP: 22/22 MP: 2/2
   784 | D:1      | Reached skill level 1 in Armour
  1527 | D:2      | Gained mutation: You regenerate a little health from kills.
                  | [demonic ancestry]
  1527 | D:2      | Reached XP level 3. HP: 19/28 MP: 3/3
  1544 | D:2      | HP: 1/28 [poisoned by an adder]
  1545 | D:2      | Slain by an adder

Illustrated notes

Levels and vault maps discovered:
D:1:      amcnicky_arrival_double_pillar, layout_loops_corners,
          shapermc_ecumenical_altar_gd
D:2:      layout_rooms, basic_altar

Skill      XL: |  1  2 |
---------------+-------+-----
Axes           | 3 |  3.3
Armour         | 1 |  1.2
Fighting       | |  2.3
Throwing       | |  1.7
Dodging        | |  2.7

Action                   || total
-------------------------++-------
Melee: War axe           ||    94
Throw: Throwing net      ||     2
  Use: Potion            ||     1
 Stab: Sleeping          ||     1
Armor: Leather armour    ||    26
Dodge: Dodged            ||    94

Table legend: (Time is in decaauts)
 A = Elapsed time spent in this place.
 B = Non-inter-level travel time spent in this place.
 C = Inter-level travel time spent in this place.
 D = Time resting spent in this place.
 E = Time spent auto-exploring this place.
 F = Levels seen in this place.
 G = Mean time per level.
                   A        B        C        D        E       F      G
               +--------+--------+--------+--------+--------+-----+--------+
         Total |   1577 |   1536 |     41 |      0 |   1316 |   2 |  788.5 |
       Dungeon |   1577 |   1536 |     41 |      0 |   1316 |   2 |  788.5 |
               +--------+--------+--------+--------+--------+-----+--------+

Top non-repeatable levels by time:
     D:1: 1538 daAuts
     D:2: 38 daAuts
